3R
AMARILLO WARHEADS @ GERMANTOWN URUGUAYANS
08/12/2038
 
TOP OF THE 1ST
Amarillo Warheads batting - Pitching for Germantown Uruguayans : LHP Virgil Dickerson
Pitching: LHP Virgil Dickerson
Batting: RHB Gary Pueblo 0-0: Swinging Strike
0-1: Ground out 6-3 (Groundball, 6, EV 106.9 MPH)
Batting: RHB Norihisa Kino 0-0: Swinging Strike
0-1: Ground out 1-3 (Groundball, 15S, EV 72.5 MPH)
Batting: LHB Tippi Degré 0-0: Ball
1-0: Ball
2-0: Fly out, F7 (Flyball, 7D, EV 90.6 MPH)
Top of the 1st over - 0 runs, 0 hits, 0 errors, 0 left on base; Amarillo 0 - Germantown 0
BOTTOM OF THE 1ST
Germantown Uruguayans batting - Pitching for Amarillo Warheads : LHP Nick Dalton
Pitching: LHP Nick Dalton
Batting: RHB Jorge Gardella 0-0: Ground out 6-3 (Groundball, 6, EV 76.2 MPH)
Batting: RHB Tetahiti Kelala 0-0: Called Strike
0-1: Ball
1-1: Foul Ball, location: 2F
1-2: Fly out, F9 (Flyball, 9LM, EV 80.0 MPH)
Batting: RHB Harold Keightley 0-0: Fly out, F7 (Flyball, 7, EV 86.2 MPH)
Bottom of the 1st over - 0 runs, 0 hits, 0 errors, 0 left on base; Amarillo 0 - Germantown 0
TOP OF THE 2ND
Amarillo Warheads batting - Pitching for Germantown Uruguayans : LHP Virgil Dickerson
Batting: RHB António Hierro 0-0: Fly out, F7 (Line Drive, 7, EV 98.1 MPH)
Batting: RHB Joe Holmes 0-0: Swinging Strike
0-1: Ground out 5-3 (Groundball, 56S, EV 69.4 MPH)
Batting: LHB Caspar Fewings 0-0: Ball
1-0: Swinging Strike
1-1: Foul Ball, location: 2F
1-2: Strikes out swinging
Top of the 2nd over - 0 runs, 0 hits, 0 errors, 0 left on base; Amarillo 0 - Germantown 0
BOTTOM OF THE 2ND
Germantown Uruguayans batting - Pitching for Amarillo Warheads : LHP Nick Dalton
Batting: RHB Lachlan Thurgood 0-0: Ground out 5-3 (Groundball, 56, EV 81.2 MPH)
Batting: RHB Kiyoshi Aoki 0-0: Ball
1-0: Ball
2-0: Foul Ball, location: 2F
2-1: Called Strike
2-2: Ball
3-2: Ground out 6-3 (Groundball, 6, EV 86.2 MPH)
Batting: RHB Ángel Franco 0-0: Ball
1-0: Swinging Strike
1-1: Called Strike
1-2: Ball
2-2: SINGLE (Groundball, 56D, EV 102.5 MPH)
Batting: LHB Mhelter Narcida 0-0: Ball
1-0: Swinging Strike
1-1: SINGLE (Line Drive, 56D, EV 104.4 MPH)
Ángel Franco to second
Batting: RHB Anthony McGee 0-0: Swinging Strike
0-1: Swinging Strike
0-2: Strikes out looking
Bottom of the 2nd over - 0 runs, 2 hits, 0 errors, 2 left on base; Amarillo 0 - Germantown 0
TOP OF THE 3RD
Amarillo Warheads batting - Pitching for Germantown Uruguayans : LHP Virgil Dickerson
Batting: RHB Curtis Tiger 0-0: Called Strike
0-1: Ball
1-1: Foul Ball, location: 2F
1-2: SINGLE (Groundball, 6MD, EV 97.5 MPH)
Batting: SHB Alonso Lucero 0-0: Called Strike
0-1: Ball
1-1: Foul Ball, location: 2F
1-2: Strikes out swinging
Batting: RHB Joe Gregory 0-0: Foul Ball, location: 2F
0-1: Called Strike
0-2: SINGLE (Groundball, 56D, EV 95.6 MPH)
Curtis Tiger to second
Batting: RHB Gary Pueblo 0-0: Called Strike
0-1: Ball
1-1: Grounds into double play, 6-4-3 (Groundball, 6, EV 100.6 MPH)
Top of the 3rd over - 0 runs, 2 hits, 0 errors, 1 left on base; Amarillo 0 - Germantown 0
BOTTOM OF THE 3RD
Germantown Uruguayans batting - Pitching for Amarillo Warheads : LHP Nick Dalton
Batting: RHB Harley Lambert 0-0: Ball
1-0: Ground out 5-3 (Groundball, 56, EV 104.4 MPH)
Batting: RHB Jorge Gardella 0-0: Foul Ball, location: 2F
0-1: Ball
1-1: Ball
2-1: Ball
3-1: Base on Balls
Batting: RHB Tetahiti Kelala 0-0: Ball
1-0: Ball
2-0: Called Strike
2-1: Ball
3-1: Called Strike
3-2: Foul Ball, location: 2F
3-2: Foul Ball, location: 2F
3-2: SINGLE (Groundball, 34, EV 105.0 MPH) (infield hit)
Jorge Gardella to second
Batting: RHB Harold Keightley 0-0: Ball
1-0: Ball
2-0: Foul Ball, location: 2F
2-1: SINGLE (Line Drive, 89M, EV 85.6 MPH)
Jorge Gardella to third
Tetahiti Kelala to second
Batting: RHB Lachlan Thurgood 0-0: Ball
1-0: Ball
2-0: Called Strike
2-1: Swinging Strike
2-2: Ball
3-2: Fly out, F9 (Flyball, 89S, EV 83.1 MPH)
Batting: RHB Kiyoshi Aoki 0-0: Ball
1-0: Ball
2-0: Ball
3-0: Base on Balls
Jorge Gardella scores
Tetahiti Kelala to third
Harold Keightley to second
Batting: RHB Ángel Franco 0-0: Ball
1-0: Foul Ball, location: 2F
1-1: Swinging Strike
1-2: Fly out, F7 (Flyball, 7LS, EV 90.0 MPH)
Bottom of the 3rd over - 1 run, 2 hits, 0 errors, 3 left on base; Amarillo 0 - Germantown 1
TOP OF THE 4TH
Amarillo Warheads batting - Pitching for Germantown Uruguayans : LHP Virgil Dickerson
Batting: RHB Norihisa Kino 0-0: Ground out 6-3 (Groundball, 6, EV 90.0 MPH)
Batting: LHB Tippi Degré 0-0: Ball
1-0: Fly out, F8 (Flyball, 8RXD, EV 101.9 MPH)
Batting: RHB António Hierro 0-0: Called Strike
0-1: Ball
1-1: Called Strike
1-2: Ball
2-2: Foul Ball, location: 2F
2-2: Foul Ball, location: 2F
2-2: Strikes out looking
Top of the 4th over - 0 runs, 0 hits, 0 errors, 0 left on base; Amarillo 0 - Germantown 1
BOTTOM OF THE 4TH
Germantown Uruguayans batting - Pitching for Amarillo Warheads : LHP Nick Dalton
Batting: LHB Mhelter Narcida 0-0: Called Strike
0-1: Swinging Strike
0-2: Strikes out looking
Batting: RHB Anthony McGee 0-0: Ball
1-0: Ball
2-0: Fly out, F8 (Flyball, 78XD, EV 100.6 MPH)
Batting: RHB Harley Lambert 0-0: Ball
1-0: Fly out, F9 (Flyball, 9D, EV 96.9 MPH)
Bottom of the 4th over - 0 runs, 0 hits, 0 errors, 0 left on base; Amarillo 0 - Germantown 1
TOP OF THE 5TH
Amarillo Warheads batting - Pitching for Germantown Uruguayans : LHP Virgil Dickerson
Batting: RHB Joe Holmes 0-0: Ball
1-0: Ball
2-0: Foul Ball, location: 2F
2-1: Called Strike
2-2: Strikes out swinging
Batting: LHB Caspar Fewings 0-0: Swinging Strike
0-1: Ball
1-1: Called Strike
1-2: Ground out 6-3 (Groundball, 56, EV 108.1 MPH)
Batting: RHB Curtis Tiger 0-0: Ground out 5-3 (Groundball, 56S, EV 82.5 MPH)
Top of the 5th over - 0 runs, 0 hits, 0 errors, 0 left on base; Amarillo 0 - Germantown 1
BOTTOM OF THE 5TH
Germantown Uruguayans batting - Pitching for Amarillo Warheads : LHP Nick Dalton
Batting: RHB Jorge Gardella 0-0: Ball
1-0: Called Strike
1-1: Reached on error, E6 (Groundball, 4M, EV 100.0 MPH)
Batting: RHB Tetahiti Kelala 0-0: Ball
1-0: Bunt missed!
1-1: Ball
2-1: Ball
3-1: Bunted foul
3-2: Foul Ball, location: 2F
3-2: SINGLE (Flyball, 78M, EV 85.0 MPH)
Jorge Gardella to second
Jorge Gardella to third
Batting: RHB Harold Keightley 0-0: Ball
1-0: Called Strike
1-1: Grounds into double play, 6-4-3 (Groundball, 6, EV 87.5 MPH)
Jorge Gardella scores
Batting: RHB Lachlan Thurgood 0-0: Ball
1-0: Foul Ball, location: 2F
1-1: Foul Ball, location: 2F
1-2: Ground out 5-3 (Groundball, 5, EV 82.5 MPH)
Bottom of the 5th over - 1 run, 1 hit, 1 error, 0 left on base; Amarillo 0 - Germantown 2
TOP OF THE 6TH
Amarillo Warheads batting - Pitching for Germantown Uruguayans : LHP Virgil Dickerson
Batting: SHB Alonso Lucero 0-0: Called Strike
0-1: Swinging Strike
0-2: Strikes out swinging, 2-3 out at first.
Batting: RHB Joe Gregory 0-0: Ball
1-0: Ball
2-0: Called Strike
2-1: Swinging Strike
2-2: Hit by Pitch
Batting: RHB Gary Pueblo 0-0: Called Strike
0-1: Foul Ball, location: 2F
0-2: Foul Ball, location: 2F
0-2: Ball
1-2: Fly out, F7 (Flyball, 7, EV 91.9 MPH)
Batting: RHB Norihisa Kino 0-0: Ball
1-0: Ball
2-0: Foul Ball, location: 2F
2-1: Ball
3-1: Called Strike
3-2: Base on Balls
Joe Gregory to second
Batting: LHB Tippi Degré 0-0: Ball
1-0: Fielders Choice at 2nd, 5-4 (Groundball, 56, EV 106.9 MPH)
Top of the 6th over - 0 runs, 0 hits, 0 errors, 2 left on base; Amarillo 0 - Germantown 2
BOTTOM OF THE 6TH
Germantown Uruguayans batting - Pitching for Amarillo Warheads : LHP Nick Dalton
Batting: RHB Kiyoshi Aoki 0-0: Foul Ball, location: 2F
0-1: Swinging Strike
0-2: Strikes out swinging
Pitching: RHP Ryan Robertson
Batting: RHB Ángel Franco 0-0: Called Strike
0-1: Foul Ball, location: 2F
0-2: Ball
1-2: Strikes out swinging, 2-3 out at first.
Batting: LHB Mhelter Narcida 0-0: Ball
1-0: Foul Ball, location: 2F
1-1: Foul Ball, location: 2F
1-2: Strikes out swinging
Bottom of the 6th over - 0 runs, 0 hits, 0 errors, 0 left on base; Amarillo 0 - Germantown 2
TOP OF THE 7TH
Amarillo Warheads batting - Pitching for Germantown Uruguayans : LHP Virgil Dickerson
Batting: RHB António Hierro 0-0: Foul Ball, location: 2F
0-1: Ball
1-1: Ground out 5-3 (Groundball, 56, EV 87.5 MPH)
Batting: RHB Joe Holmes 0-0: Swinging Strike
0-1: Ball
1-1: Called Strike
1-2: Ball
2-2: Foul Ball, location: 2F
2-2: Ball
3-2: Strikes out swinging
Batting: LHB Caspar Fewings 0-0: Called Strike
0-1: Reached on error, E5 (Groundball, 56, EV 110.6 MPH)
Batting: RHB Curtis Tiger 0-0: Foul Ball, location: 2F
0-1: Swinging Strike
0-2: Strikes out looking
Top of the 7th over - 0 runs, 0 hits, 1 error, 1 left on base; Amarillo 0 - Germantown 2
BOTTOM OF THE 7TH
Germantown Uruguayans batting - Pitching for Amarillo Warheads : RHP Ryan Robertson
Batting: RHB Anthony McGee 0-0: Ball
1-0: Ball
2-0: Fly out, F9 (Flyball, 9LS, EV 75.0 MPH)
Batting: RHB Harley Lambert 0-0: Foul Ball, location: 2F
0-1: SINGLE (Line Drive, 56D, EV 111.9 MPH)
Batting: RHB Jorge Gardella 0-0: 2-RUN HOME RUN (Flyball, 7D, EV 93.1 MPH), Distance : 366 ft
Batting: RHB Tetahiti Kelala 0-0: Ball
1-0: Ball
2-0: Ball
3-0: Called Strike
3-1: Foul Ball, location: 2F
3-2: Strikes out looking
Pitching: RHP Alco Roelofs
Batting: RHB Harold Keightley 0-0: SINGLE (Line Drive, 9S, EV 102.5 MPH)
Batting: RHB Lachlan Thurgood 0-0: Called Strike
0-1: Called Strike
0-2: Foul Ball, location: 2F
0-2: SINGLE (Line Drive, 8RS, EV 88.1 MPH)
Harold Keightley to second
Batting: RHB Kiyoshi Aoki 0-0: Ball
1-0: Foul Ball, location: 2F
1-1: Ball
2-1: SINGLE (Groundball, 5D, EV 103.8 MPH)
Harold Keightley to third
Lachlan Thurgood to second
Runner from 3rd tries for Home, SAFE, throw by LF to home
Batting: RHB Ángel Franco 0-0: SINGLE (Line Drive, 8LS, EV 93.1 MPH)
Lachlan Thurgood to third
Kiyoshi Aoki to second
Batting: LHB Mhelter Narcida 0-0: Called Strike
0-1: Ball
1-1: Fly out, F7 (Line Drive, 78M, EV 97.5 MPH)
Bottom of the 7th over - 3 runs, 6 hits, 0 errors, 3 left on base; Amarillo 0 - Germantown 5
TOP OF THE 8TH
Amarillo Warheads batting - Pitching for Germantown Uruguayans : LHP Virgil Dickerson
Batting: SHB Alonso Lucero 0-0: Ball
1-0: Ball
2-0: Foul Ball, location: 2F
2-1: Foul Ball, location: 2F
2-2: Fly out, F9 (Flyball, 89S, EV 81.9 MPH)
Batting: RHB Joe Gregory 0-0: DOUBLE (Flyball, 89XD, EV 91.9 MPH)
Batting: RHB Gary Pueblo 0-0: Called Strike
0-1: Ground out U3 (Groundball, 34, EV 83.8 MPH)
Joe Gregory to third
Batting: RHB Norihisa Kino 0-0: Ground out 4-3 (Groundball, 4, EV 81.2 MPH)
Top of the 8th over - 0 runs, 1 hit, 0 errors, 1 left on base; Amarillo 0 - Germantown 5
BOTTOM OF THE 8TH
Germantown Uruguayans batting - Pitching for Amarillo Warheads : RHP Alco Roelofs
Batting: RHB Anthony McGee 0-0: Ball
1-0: Called Strike
1-1: Called Strike
1-2: SINGLE (Groundball, 56D, EV 105.0 MPH)
Batting: RHB Harley Lambert 0-0: Called Strike
0-1: Called Strike
0-2: Ball
1-2: Foul Ball, location: 2F
1-2: Ball
2-2: SINGLE (Line Drive, 89M, EV 98.1 MPH)
Anthony McGee to second
Pitching: RHP Shen Woo
Batting: RHB Jorge Gardella 0-0: Ball
1-0: Called Strike
1-1: Fly out, F6 (Popup, 6M, EV 79.4 MPH)
Batting: RHB Tetahiti Kelala 0-0: Grounds into double play, 6-4-3 (Groundball, 6, EV 85.0 MPH)
Bottom of the 8th over - 0 runs, 2 hits, 0 errors, 1 left on base; Amarillo 0 - Germantown 5
TOP OF THE 9TH
Amarillo Warheads batting - Pitching for Germantown Uruguayans : LHP Virgil Dickerson
Batting: LHB Tippi Degré 0-0: Ball
1-0: Called Strike
1-1: Foul Ball, location: 2F
1-2: Hit by Pitch
Batting: RHB António Hierro 0-0: Called Strike
0-1: Ball
1-1: Called Strike
1-2: Foul Ball, location: 2F
1-2: SINGLE (Line Drive, 34D, EV 103.1 MPH)
Tippi Degré to second
Batting: RHB Joe Holmes 0-0: Ball
1-0: Ball
2-0: Called Strike
2-1: Foul Ball, location: 2F
2-2: Foul Ball, location: 2F
2-2: Ball
3-2: Strikes out swinging
Pitching: RHP Artemio Mondragon
Batting: LHB Caspar Fewings 0-0: Called Strike
0-1: SINGLE (Groundball, 56, EV 85.0 MPH) (infield hit)
Tippi Degré to third
António Hierro to second
Pitching: RHP Eric O'Slattery
Batting: RHB Curtis Tiger 0-0: Ball
1-0: Called Strike
1-1: Foul Ball, location: 2F
1-2: Ball
2-2: Strikes out swinging
Batting: SHB Alonso Lucero 0-0: Ball
1-0: SINGLE (Groundball, 4MD, EV 102.5 MPH)
Tippi Degré scores
António Hierro to third
Caspar Fewings to second
Batting: RHB Joe Gregory 0-0: Called Strike
0-1: Fly out, F6 (Popup, 6MS, EV 71.2 MPH)
Top of the 9th over - 1 run, 3 hits, 0 errors, 3 left on base; Amarillo 1 - Germantown 5
Friday, April 17th, 2020 - OOTP Baseball 20.8 Build 74